 Dungeon Crawl Stone Soup version 0.30.1-9-gdf580d7c3d (webtiles) character file.

Game seed: 12717494375055103201

1124 lonewolfV2 the Cleaver (level 8, -3/66 HPs)
             Began as a Minotaur Berserker on Oct 13, 2023.
             Was a Priest of Trog.
             Killed from afar by an acid dragon (21 damage)
             ... with a splash of acid
             ... on level 5 of the Dungeon.
             The game lasted 00:07:13 (4421 turns).

lonewolfV2 the Cleaver (Minotaur Berserker)         Turns: 4421, Time: 00:07:13

Health: -3/66      AC:  4    Str: 24    XL:     8   Next: 13%
Magic:  7/7        EV: 12    Int:  4    God:    Trog [***...]
Gold:   191        SH:  0    Dex: 10    Spells: 7/7 levels left

rFire   . . .        a - +0 hand axe
rCold   . . .        (no shield)
rNeg    . . .        b - +0 animal skin
rPois   .            (helmet restricted)
rElec   .            (no cloak)
rCorr   .            c - +1 pair of gloves
SInv    .            (no boots)
Will    ++...        (no amulet)
Stlth   +            (no ring)
HPRegen 1.31/turn    (no ring)
MPRegen 0.10/turn

%: no passive effects
@: confused, ambrosia-drunk, strong-willed, regenerating
A: horns 2, retaliatory headbutt
a: Renounce Religion, Berserk, Trog's Hand


You were on level 5 of the Dungeon.
You worshipped Trog.
Trog was most pleased with you.
You visited 1 branch of the dungeon, and saw 5 of its levels.

You collected 191 gold pieces.

Inventory:

Hand Weapons
 a - a +0 hand axe (weapon)
Armour
 b - a +0 animal skin (worn)
 c - a +1 pair of gloves (worn)
Jewellery
 j - a ring of resist corrosion
Wands
 k - a wand of flame (21)
Scrolls
 d - a scroll of fog
 e - 2 scrolls of teleportation
 l - 3 scrolls of enchant armour
 o - a scroll of vulnerability {unknown}
 p - a scroll of immolation
 s - a scroll of identify
 t - a scroll of poison {unknown}
Potions
 f - 2 potions of brilliance
 h - a potion of degeneration
 i - a potion of lignification
 m - a potion of attraction
 q - a potion of resistance {unknown}
 r - a potion of curing {unknown}


   Skills:
 - Level 4.0 Fighting
 + Level 11.6 Axes
 - Level 3.0 Armour
 - Level 2.6 Dodging


You had 7 spell levels left.
You didn't know any spells.
Your spell library was empty.

Dungeon Overview and Level Annotations

Branches:
Dungeon (5/15)
 Temple: D:4-7

Altars:
Sif Muna
Xom

Shops:
D:4 [[


Innate Abilities, Weirdness & Mutations

You have a pair of horns on your head.
You reflexively headbutt those who attack you in melee.


Message History

A steam dragon and an acid dragon come into view.
Found six items.
Found 20 gold pieces.
The acid dragon roars!
There is an open door here.
You closely miss the steam dragon.
You hit the acid dragon but do no damage.
The steam dragon barely misses you.
The steam dragon claws you but does no damage.
The acid dragon barely misses you. The acid dragon claws you.
You barely miss the steam dragon. You closely miss the acid dragon.
The steam dragon closely misses you. The steam dragon claws you.
The acid dragon spits acid at you. The splash of acid hits you!!
Your skin crawls.
You feel strong-willed. The steam dragon bites you.
The steam dragon closely misses you. The acid dragon spits acid at you.
The splash of acid hits you!!
* * * LOW HITPOINT WARNING * * *
Okay, then.
You feel much better. The steam dragon bites you!
The steam dragon barely misses you. The acid dragon barely misses you.
The acid dragon claws you.
You are confused.
You feel invigorated. The steam dragon breathes steam at you.
The ball of steam misses you. The acid dragon misses you.
The acid dragon claws you.
Okay, then.
Unknown command.
You bump into the crystal wall.
You are engulfed in a cloud of scalding steam.
* * * LOW HITPOINT WARNING * * *
The steam dragon bites you.
* * * LOW HITPOINT WARNING * * *
The steam dragon claws you but does no damage.
The acid dragon spits acid at you. The splash of acid hits you!!
You die...

##.## #..# ##.##
#..#
#.##################
#.#!?)#.....#.....#.
#.#.:.#.....#.....#.
#.#DD$#..#.†#..#..#.
#.#@###..#..#..#..#.
#.#§.....#.....#....
#.#§.....#.....#....
#.##################
#...................
#...................
####################
#5S...#g5..
#.....#....


You could see a steam dragon (catching breath) and an acid dragon (catching
breath).

Vanquished Creatures
  A water moccasin (D:5)
  An ogre (D:4)
  2 phantoms
  A bullfrog (D:5)
  2 scorpions (D:5)
  4 killer bees
  A jelly (D:5)
  4 hounds
  Jessica (D:3)
  A sleepcap (D:4)
  An orc wizard (D:3)
  4 gnolls (D:5)
  7 adders
  2 worms
  3 dart slugs
  10 orcs
  5 endoplasms
  3 giant cockroaches
  5 goblins
  4 hobgoblins
  9 jackals
  8 kobolds
  5 quokkas
  6 ball pythons
  6 bats
  2 frilled lizards
  10 rats
108 creatures vanquished.

Vanquished Creatures (others)
  5 dream sheep (D:5)
5 creatures vanquished.

Grand Total: 113 creatures vanquished

Notes
Turn   | Place    | Note
-------+----------+-------------------------------------------
     0 | D:1      | lonewolfV2 the Minotaur Berserker began the quest for the
                  | Orb.
     0 | D:1      | Reached XP level 1. HP: 19/19 MP: 0/0
    96 | D:1      | Reached XP level 2. HP: 27/27 MP: 1/1
   287 | D:1      | Reached skill level 4 in Axes
   288 | D:1      | Reached ** piety under Trog
   351 | D:1      | Reached XP level 3. HP: 32/33 MP: 2/2
  1062 | D:2      | Reached skill level 5 in Axes
  1277 | D:2      | Reached XP level 4. HP: 40/40 MP: 3/3
  2111 | D:3      | Reached *** piety under Trog
  2122 | D:3      | Reached skill level 6 in Axes
  2122 | D:3      | Reached XP level 5. HP: 29/46 MP: 4/4
  2245 | D:3      | Noticed Jessica
  2252 | D:3      | Killed Jessica
  2616 | D:4      | Found Myfuagigg's Armour Shop.
  2648 | D:4      | Identified the +3 helmet "Pijyniv" {rPois rC+ Int-2 Dex+2}
  2758 | D:4      | Reached skill level 7 in Axes
  2764 | D:4      | Reached XP level 6. HP: 28/52 MP: 5/5
  2842 | D:4      | Reached skill level 8 in Axes
  3111 | D:4      | Reached skill level 9 in Axes
  3111 | D:4      | Reached XP level 7. HP: 50/59 MP: 6/6
  3163 | D:4      | Found Plog's Antique Armour Shop.
  3283 | D:4      | Found a shimmering blue altar of Sif Muna.
  3351 | D:5      | Entered Level 5 of the Dungeon
  3691 | D:5      | Reached skill level 10 in Axes
  3902 | D:5      | Noticed a dream sheep
  3902 | D:5      | Noticed a dream sheep
  3902 | D:5      | Noticed a dream sheep
  3902 | D:5      | Noticed a dream sheep
  3902 | D:5      | Noticed a dream sheep
  3902 | D:5      | Found a shimmering altar of Xom.
  3907 | D:5      | Killed a dream sheep
  3907 | D:5      | Killed a dream sheep
  3907 | D:5      | Killed a dream sheep
  3907 | D:5      | Killed a dream sheep
  3907 | D:5      | Killed a dream sheep
  4174 | D:5      | Reached skill level 11 in Axes
  4194 | D:5      | Reached XP level 8. HP: 12/66 MP: 7/7
  4418 | D:5      | HP: 1/66 [acid dragon/splash of acid (30)]
  4421 | D:5      | Killed from afar by an acid dragon

Illustrated notes

Levels and vault maps discovered:
D:1:      minmay_arrival_stair_chambers, layout_loops_cross
D:2:      layout_basic, minivault_19
D:3:      minmay_spotlight, layout_loops_ring, uniq_jessica
D:4:      layout_cave_pools, lemuel_blue_sif_altar, serial_shops, shop, shop,
          hangedman_decor_riveting
D:5:      kennysheep_windowed_halls, layout_basic, kb_xom_exploding_sheep

Skill      XL: |  1  2  3  4  5  6  7 |
---------------+----------------------+-----
Fighting       | 4 |  4.0
Axes           | 4 5 6 7 9 11 | 11.6
Armour         | 3 |  3.0
Dodging        | |  2.6

Action                     |  1- 3 |  4- 6 |  7- 9 || total
---------------------------+-------+-------+-------++-------
  Melee: Hand axe          |    90 |   108 |    78 ||   276
         Headbutt          |     9 |    21 |    10 ||    40
         Punch             |     1 |       |       ||     1
 Invoke: Trog's Hand       |       |     1 |     2 ||     3
         Berserk           |       |     1 |     1 ||     2
    Use: Scroll            |     4 |     6 |     2 ||    12
         Potion            |       |       |     2 ||     2
   Stab: Sleeping          |     1 |       |       ||     1
 Armour: Animal skin       |    33 |    22 |    16 ||    71
  Dodge: Dodged            |    69 |    63 |    45 ||   177
